 Dungeon Crawl Stone Soup version 0.22-a0-248-gc8378ba (webtiles) character file.

1632 sankara the Basher (level 8, -2/70 HPs)
             Began as a Hill Orc Fighter on Feb 28, 2018.
             Was an Initiate of Kikubaaqudgha.
             Slain by an orc warrior
             ... wielding a +0 trident
              (10 damage)
             ... on level 7 of the Dungeon.
             The game lasted 00:20:14 (5679 turns).

sankara the Basher (Hill Orc Fighter)               Turns: 5679, Time: 00:20:14

Health: -2/70      AC: 11    Str: 22 (24) XL:     8   Next: 98%
Magic:  8/8        EV:  7    Int: 14 (15) God:    Kikubaaqudgha [......]
Gold:   350        SH:  9    Dex:  9 (10) Spells: 7/7 levels left

rFire    + + .     SeeInvis .   a - +2 flail (protect)
rCold    + . .     Gourm    .   D - +0 shield
rNeg     . . .     Faith    .   y - +0 scale mail
rPois    +         Spirit   .   r - +0 helmet
rElec    +         Reflect  .   u - +0 cloak
rCorr    +         Harm     .   s - +0 pair of gloves
MR       .....                  (no boots)
Stlth    +.........             (no amulet)
HPRegen  0.21/turn              v - ring of stealth {Stlth+}
MPRegen  0.11/turn              B - ring of Mysticism {rElec rF+ Slay+2}

@: mighty, brilliant, resistant
A: no striking features
a: Renounce Religion


You were on level 7 of the Dungeon.
You worshipped Kikubaaqudgha.
Kikubaaqudgha was noncommittal.
You were not hungry.

You visited 2 branches of the dungeon, and saw 8 of its levels.

You collected 350 gold pieces.

Inventory:

Hand Weapons
 a - a +2 flail of protection (weapon)
   (You took it off an orc on level 3 of the Dungeon)
 b - a +0 hunting sling
   (You found it on level 6 of the Dungeon)
 c - a +0 blowgun
   (You took it off a kobold on level 3 of the Dungeon)
Missiles
 e - 145 stones
 w - 6 javelins (quivered)
 A - 2 throwing nets {=f, !d}
 H - 5 tomahawks
Armour
 r - a +0 helmet (worn)
   (You found it on level 2 of the Dungeon)
 s - a +0 pair of gloves (worn)
   (You found it on level 2 of the Dungeon)
 u - a +0 cloak (worn)
   (You found it on level 2 of the Dungeon)
 x - a +0 buckler
   (You found it on level 4 of the Dungeon)
 y - a +0 scale mail (worn)
 D - a +0 shield (worn)
Jewellery
 v - a ring of stealth (left hand) {Stlth+}
   (You took it off a hobgoblin on level 3 of the Dungeon)
 B - the ring of Mysticism (right hand) {rElec rF+ Slay+2}
   (You found it on level 5 of the Dungeon)

   [ring of protection from fire]

   It affects your accuracy and damage with ranged weapons and melee attacks
   (+2).
   It protects you from fire.
   It insulates you from electricity.
Wands
 m - a wand of disintegration (17)
   (You found it on level 4 of the Dungeon)
 K - a wand of random effects (15)
   (You found it on level 6 of the Dungeon)
Scrolls
 k - 2 scrolls of immolation {unknown}
 l - 4 scrolls of identify
 n - a scroll of teleportation
 o - a scroll of magic mapping {!r}
 p - a scroll of enchant armour {unknown}
 q - 2 scrolls of blinking {!r}
 E - a scroll of amnesia {unknown}
 J - 2 scrolls of remove curse
Potions
 g - a potion of degeneration {!q}
 h - 4 potions of curing
 j - 2 potions of brilliance
 z - a potion of mutation {unknown}
 C - a potion of agility {unknown}
 I - 2 potions of flight {unknown}
 L - 2 potions of lignification {unknown}
Comestibles
 f - 11 rations
 G - a chunk of flesh {@w0}


   Skills:
 + Level 6.2 Fighting
 + Level 10.0 Maces & Flails
 + Level 5.6 Armour
 - Level 4.0 Shields


You had 7 spell levels left.
You didn't know any spells.

Dungeon Overview and Level Annotations

Branches:
Dungeon (7/15)             Temple (1/1) D:6

Altars:
Ashenzari
Cheibriados
Dithmenos
Elyvilon
Fedhas
Gozag
Hepliaklqana
Kikubaaqudgha
Makhleb
Nemelex Xobeh
Okawaru
Qazlal
Ru
Sif Muna
Trog
Uskayaw
Vehumet
Wu Jian
Xom
Yredelemnul
Zin
The Shining One

Shops:
D:5 *


Message History

Your weapon exudes an aura of protection.
You kill the orc!
Kikubaaqudgha accepts your kill.
You hit the troll.
The troll is lightly wounded.
You block the orc's attack. You block the troll's attack.
The troll barely misses you. The troll claws you but does no damage.
You sock the troll!
The troll is moderately wounded.
You block the troll's attack. x2; The troll barely misses you.
The orc closely misses you.
You barely miss the troll.
The troll is moderately wounded.
The troll bites you! The troll claws you but does no damage.
The troll barely misses you.
You hit the troll but do no damage.
The troll is moderately wounded.
The orc hits you but does no damage. The troll bites you but does no damage.
The troll claws you. x2
Your shield and scale mail prevent you from hitting the troll.
The troll is lightly wounded.
You block the orc's attack. You block the troll's attack.
The troll claws you but does no damage. The troll claws you.
You barely miss the troll.
The troll is lightly wounded.
The orc hits you but does no damage. You block the troll's attack.
The troll barely misses you. You block the troll's attack.
You closely miss the troll.
The troll is lightly wounded.
The orc hits you but does no damage.
You hit the troll but do no damage.
The troll is lightly wounded.
The troll closely misses you. You block the troll's attack.
The troll claws you but does no damage. You block the orc's attack.
The troll barely misses you. The troll claws you. The troll claws you!
An orc warrior comes into view. It is wielding a trident.
You barely miss the troll.
The troll is lightly wounded.
The orc warrior shouts!
The orc closely misses you.
It was a potion of magic.
Magic courses through your body. You block the orc warrior's attack.
The troll bites you but does no damage. You block the troll's attack.
The troll barely misses you. You block the orc's attack.
It was a potion of degeneration.
There was something very wrong with that liquid.
You feel weakened.
You feel dopey.
You feel clumsy. You block the orc warrior's attack. The troll bites you.
* * * LOW HITPOINT WARNING * * *
The troll claws you but does no damage. The troll claws you.
* * * LOW HITPOINT WARNING * * *
You block the orc's attack.
It was a potion of heal wounds.
You feel much better. The troll bites you! You block the troll's attack.
The troll claws you but does no damage.
The orc warrior hits you but does no damage.
You sock the troll!
Your weapon exudes an aura of protection.
The troll is moderately wounded.
The orc hits you from afar with a trident.
The troll bites you! The troll barely misses you. You block the troll's attack.
You block the orc warrior's attack.
It was a potion of brilliance.
You feel clever all of a sudden. The orc closely misses you.
You block the troll's attack. x2
The troll claws you but does no damage. You block the orc warrior's attack.
It was a potion of resistance.
You feel protected. You block the troll's attack. The troll barely misses you.
The troll claws you but does no damage. You block the orc's attack.
The orc warrior hits you from afar with a trident!
* * * LOW HITPOINT WARNING * * *
You feel very mighty all of a sudden. You block the troll's attack.
The troll barely misses you. You block the troll's attack.
The orc suddenly grunts.
The orc closely misses you.
The orc warrior hits you from afar with a trident.
* * * LOW HITPOINT WARNING * * *
You sock the troll!
Your weapon exudes an aura of protection.
The troll is moderately wounded.
The troll bites you but does no damage. You block the troll's attack.
The troll claws you.
* * * LOW HITPOINT WARNING * * *
The orc hits you but does no damage.
The orc warrior hits you from afar with a trident!
* * * LOW HITPOINT WARNING * * *
You feel better. You block the troll's attack.
The troll claws you but does no damage. x2; The orc barely misses you.
The orc warrior barely misses you.
You barely miss the troll.
The troll is moderately wounded.
The troll bites you but does no damage. The troll claws you.
* * * LOW HITPOINT WARNING * * *
You block the troll's attack. The orc barely misses you.
You block the orc warrior's attack.
A hungry ghost comes into view.
The orc warrior hits you with a trident!
You die...
Kikubaaqudgha rasps: "You have failed me!
Welcome... death!"

...#.##........
####...#.##..#######
#..................#
#.....##...........#
.....+............# .
....#............# ....
#.. #............#
.....##o###............#
.W.....@..#............#
.....#.##T#............#
(.. #.. #o#............#
....#.###)##...........#
....(..................#
(....(o................#
............############
....#.....### ...
#.....#


You could see a troll, a hungry ghost and an orc warrior.

Vanquished Creatures
  The ghost of DEFE the Chopper, an amateur DsGl (D:3)
  An ice beast (D:5)
  A phantom (D:6)
  A centaur (D:3)
  4 bullfrogs
  A howler monkey (D:4)
  A bullfrog zombie (D:5)
  2 crimson imps (D:6)
  A quasit (D:5)
  4 orc priests
  3 hounds
  A bullfrog skeleton (D:5)
  4 orc wizards
  2 iguanas
  4 worker ants
  3 hound skeletons
  A worker ant zombie (D:7)
  4 gnolls
  6 adders
  2 shadow imps (D:6)
  4 oozes (D:1)
  2 adder skeletons (D:4)
  3 worms (D:2)
  2 dart slugs
  A leopard gecko (D:4)
  24 orcs
  2 giant cockroaches (D:2)
  7 goblins
  9 hobgoblins
  11 jackals
  7 kobolds
  3 quokkas
  A ball python (D:2)
  4 bats
  4 frilled lizards
  6 rats
137 creatures vanquished.

Vanquished Creatures (others)
  A hobgoblin (D:3)
1 creature vanquished.

Grand Total: 138 creatures vanquished

Notes
Turn   | Place    | Note
-------+----------+-------------------------------------------
     0 | D:1      | sankara the Hill Orc Fighter began the quest for the Orb.
     0 | D:1      | Reached XP level 1. HP: 19/19 MP: 1/1
    59 | D:1      | Reached skill level 3 in Maces & Flails
    59 | D:1      | Reached XP level 2. HP: 13/26 MP: 2/2
   327 | D:1      | Reached XP level 3. HP: 31/31 MP: 3/3
   456 | D:1      | Reached skill level 4 in Maces & Flails
  1276 | D:2      | Reached XP level 4. HP: 33/39 MP: 4/4
  1341 | D:3      | Noticed DEFE's ghost (amateur DsGl)
  1346 | D:2      | Reached skill level 5 in Maces & Flails
  1565 | D:2      | Reached XP level 5. HP: 24/45 MP: 5/5
  1711 | D:3      | Killed DEFE's ghost
  1711 | D:3      | Reached skill level 6 in Maces & Flails
  1711 | D:3      | Reached XP level 6. HP: 41/51 MP: 6/6
  1837 | D:3      | Reached skill level 7 in Maces & Flails
  2494 | D:3      | Reached skill level 8 in Maces & Flails
  2494 | D:3      | Reached XP level 7. HP: 45/57 MP: 7/7
  3290 | D:4      | Reached skill level 9 in Maces & Flails
  3814 | D:5      | Entered Level 5 of the Dungeon
  3820 | D:5      | Found Gyaram's Assorted Antiques.
  3874 | D:5      | Reached skill level 4 in Fighting
  3930 | D:5      | Got a pitted iron ring
  3931 | D:5      | Identified the ring of Mysticism {rElec rF+ Slay+2} (You found it on level 5 of the Dungeon)
  4047 | D:5      | Reached XP level 8. HP: 62/66 MP: 8/8
  4112 | D:5      | Reached skill level 4 in Armour
  4112 | D:5      | Reached skill level 4 in Shields
  4400 | D:6      | Reached skill level 5 in Fighting
  4473 | D:6      | Found a burning altar of Makhleb.
  4708 | D:6      | Reached skill level 5 in Armour
  5015 | D:6      | Found a staircase to the Ecumenical Temple.
  5022 | Temple   | Entered the Ecumenical Temple
  5283 | Temple   | Became a worshipper of Kikubaaqudgha
  5448 | D:7      | Reached skill level 6 in Fighting
  5494 | D:7      | Reached skill level 10 in Maces & Flails
  5642 | D:7      | Noticed a troll
  5669 | D:7      | HP: 17/70 [troll (4)]
  5674 | D:7      | HP: 14/70 [orc warrior/trident (4)]
  5675 | D:7      | HP: 6/70 [orc warrior/trident (7)]
  5679 | D:7      | Slain by an orc warrior

Vault maps used:
D:1:      erik_arrival_gehennom
D:2:      kennysheep_big_flooded_room, minmay_misc_feat_diagonals
D:3:      first_ration
D:5:      serial_shops, nicolae_shop_stone
D:6:      nicolae_overflow_crystal_walls, minmay_temple_entry_mist
D:7:      minmay_misc_feat_square, grunt_livestock, uniq_prince_ribbit1
Temple:   roderic_octagonal_lattice_temple

Skill      XL: |  1  2  3  4  5  6  7  8 |
---------------+-------------------------+-----
Maces & Flails | 3 4 5 6 8 9 10 | 10.0
Fighting       | 4 6 |  6.2
Armour         | 5 |  5.6
Shields        | 4 |  4.0

Action                   |  1- 3 |  4- 6 |  7- 9 || total
-------------------------+-------+-------+-------++-------
Melee: Flail             |   106 |   136 |   249 ||   491
 Fire: Hunting sling     |       |       |    52 ||    52
  Use: Scroll            |       |       |     6 ||     6
       Potion            |       |       |     7 ||     7
  Eat: Chunk             |     1 |     4 |    11 ||    16
Armor: Scale mail        |    42 |    63 |   136 ||   241
Dodge: Dodged            |    22 |    36 |    82 ||   140
Block: Shield            |    40 |    56 |   136 ||   232

Table legend:
 A = Spawn XP
 B = Non-spawn XP
 C = Spawn XP percentage of total XP
 D = Spawn monster count
 E = Non-spawn monster count
 F = Spawn count percentage of total count
 G = Total turns spent on level
                    A         B        C        D         E        F      G
               +---------+---------+-------+---------+---------+-------+---------
         Total |       0 |    2332 |   0.0 |       0 |     137 |   0.0 |  5679
               +---------+---------+-------+---------+---------+-------+---------
           D:1 |       0 |      51 |   0.0 |       0 |      18 |   0.0 |   666
           D:2 |       0 |     117 |   0.0 |       0 |      16 |   0.0 |  1001
           D:3 |       0 |     495 |   0.0 |       0 |      43 |   0.0 |  1438
           D:4 |       0 |     378 |   0.0 |       0 |      25 |   0.0 |   709
           D:5 |       0 |     276 |   0.0 |       0 |       5 |   0.0 |   330
           D:6 |       0 |     681 |   0.0 |       0 |      20 |   0.0 |   983
           D:7 |       0 |     334 |   0.0 |       0 |      10 |   0.0 |   276
               +---------+---------+-------+---------+---------+-------+---------

Vault maps used:
D:1:      erik_arrival_gehennom
D:2:      kennysheep_big_flooded_room, minmay_misc_feat_diagonals
D:3:      first_ration
D:5:      serial_shops, nicolae_shop_stone
D:6:      nicolae_overflow_crystal_walls, minmay_temple_entry_mist
D:7:      minmay_misc_feat_square, grunt_livestock, uniq_prince_ribbit1
Temple:   roderic_octagonal_lattice_temple

Table legend:
 A = Turns spent in this place as a percentage of turns spent in the entire game.
 B = Non-inter-level travel turns spent in this place as a percentage of non-inter-level travel turns spent in the entire game.
 C = Inter-level travel turns spent in this place as a percentage of turns spent in this place.
 D = Turns resting spent in this place as a percentage of non-inter-level travel turns spent in this place.
 E = Turns spent auto-exploring this place as a percentage of non-inter-level travel turns spent in this place.
 F = Non-inter-level travel turns spent in this place divided by the number of levels of this place that you've seen.
                   A       B       C       D       E      F
               +-------+-------+-------+-------+-------+----------------------
         Total | 100.0 | 100.0 |   2.6 |  22.4 |  55.0 | 691.4
       Dungeon |  95.1 |  95.6 |   2.1 |  23.4 |  53.0 | 755.4
        Temple |   4.9 |   4.4 |  12.0 |   0.0 |  98.4 | 243.0
               +-------+-------+-------+-------+-------+----------------------

Table legend:
 A = Kills in this place as a percentage of kills in entire the game.
 B = Kills by you in this place as a percentage of kills by you in the entire game.
 C = Kills by friends in this place as a percentage of kills by friends in the entire game.
 D = Other kills in this place as a percentage of other kills in the entire game.
 E = Experience gained in this place as a percentage of experience gained in the entire game.
 F = Experience gained in this place divided by the number of levels of this place that you have seen.
                   A       B       C       D       E      F
               +-------+-------+-------+-------+-------+----------------------
         Total | 100.0 | 100.0 |   N/A |   N/A | 100.0 | 291.5
       Dungeon | 100.0 | 100.0 |   N/A |   N/A | 100.0 | 333.1
               +-------+-------+-------+-------+-------+----------------------
